Construct Section Command Post
Selects Air and Sea Battlegroup
Construct Platoon Command Post
Unlock Bishop Self-propelled Artillery
Bishop Self-propelled Artillery
6-pounder Anti-tank Gun Team
Selects Commando Section Paradrop
Selects M1 Pack Howitzer Paradrop
Bishop Self-propelled Artillery
Bishop Self-propelled Artillery
Construct Company Command Post
Unlock M3 Grant Medium Tanks
Bishop Self-propelled Artillery
Selects Incendiary Bombing Run